 Dungeon Sprint DCSS version 0.31-a0-963-ga325b2283a (webtiles) character file.

Game seed: 15587007632564057366

58053 BigDaddyOpFi the End of an Era (level 14, -30/133 (147) HPs)
             Began as an Armataur Fighter on Oct 24, 2023.
             Was the Champion of Qazlal.
             Killed from afar by a shadow dragon (59 damage)
             ... with a bolt of negative energy
             ... in the Dungeon (Sprint VII: "The Pits").
             The game lasted 00:08:50 (5210 turns).

BigDaddyOpFi the End of an Era (Armataur Fighter)   Turns: 5210, Time: 00:08:51

HP:   -30/133 (147) AC: 29    Str: 29    XL:     14   Next: 48%
MP:   15/29         EV:  4    Int:  9    God:    Qazlal [******]
Gold: 35            SH: 29    Dex: 13    Spells: 13/13 levels left

rFire   + . .        v - +3 war axe (heavy)
rCold   + + .        E - +1 tower shield
rNeg    . . .        I - +2 gold dragon scales
rPois   +            G - +1 helmet
rElec   .            w - +0 cloak
rCorr   .            F - +1 pair of gloves
SInv    .            (no barding)
Will    +....        (no amulet) Stlth
                     r - +3 ring of strength
HPRegen 0.42/turn    s - +3 ring of dexterity
MPRegen 0.21/turn

%: no teleportation, repel missiles, roll
@: protected from cold, drained
A: large, rugged brown scales 3, deformed body, armoured tail, roll, long
tongue, awkward tongue
a: Renounce Religion, Upheaval, Elemental Force, Disaster Area


You were in the Dungeon.
You worshipped Qazlal.
Qazlal was exalted by your worship.
You visited 1 branch You collected 35 gold pieces.

Inventory:

Hand Weapons
 a - a +0 broad axe
 c - a +3 broad axe of flaming
 v - a +3 heavy war axe (weapon)
 x - a +1 heavy broad axe
 y - a +4 war axe of freezing
Missiles
 q - 2 throwing nets
Armour
 w - a +0 cloak (worn)
 E - a +1 tower shield (worn)
 F - a +1 pair of gloves (worn)
 G - a +1 helmet (worn)
 I - +2 gold dragon scales (worn)
Jewellery
 r - a +3 ring of strength (left hand)
 s - a +3 ring of dexterity (right hand)
 B - a +4 ring of protection
 D - a ring of positive energy
Wands
 p - a wand of mindburst (30)
Scrolls
 b - 2 scrolls of fear
 j - 3 scrolls of blinking
 l - 2 scrolls of vulnerability
 m - 5 scrolls of amnesia
 n - a scroll of butterflies
 o - a scroll of fog
 z - 2 scrolls of identify
Potions
 d - 3 potions of might
 e - 6 potions of curing
 f - 5 potions of heal wounds
 g - 2 potions of haste
 h - a potion of magic
 i - 3 potions of berserk rage
 k - 2 potions of invisibility
 t - 4 potions of brilliance
 u - 2 potions of mutation
 A - a potion of attraction


   Skills:
 + Level 16.4 Fighting
 + Level 15.0 Axes
 + Level 20.2 Armour
 + Level 18.7 Shields
 * Level 23.7 Invocations


You had 13 spell levels left.
You didn't know any spells.
Your spell library contained the following spells:

 Spells                   Type           Power      Damage    Failure   Level
 Kiss of Death            Conj/Necr      0%         2d5       100%        1
 Necrotise                Necr           0%         1d4       100%        1
 Cigotuvi's Dreadful Rot  Necr/Pois/Air  0%         N/A       100%        2
 Ignite Poison            Fire/Tmut/Pois 0%         N/A       100%        3
 Animate Dead             Necr           0%         N/A       100%        4
 Dispel Undead            Necr           0%         3d6       100%        4
 Freezing Cloud           Conj/Ice/Air   0%         6-21      100%        5


Dungeon Overview and Level Annotations

Branches:
Dungeon (1/1)

Altars:
Ashenzari
Cheibriados
Dithmenos
Elyvilon
Fedhas
Gozag
Hepliaklqana
Kikubaaqudgha
Makhleb
Nemelex Xobeh
Okawaru
Qazlal
Ru
Sif Muna
Trog
Uskayaw
Vehumet
Wu Jian
Xom
Yredelemnul
Zin
The Shining One
Jiyva
Lugonu


Innate Abilities, Weirdness & Mutations

You are completely covered in rugged brown scales. (AC +3, +7% HP)
Armour fits poorly on your strangely shaped body.
You have a long armoured tail.
You roll when moving toward enemies. (Rampage)
Your long tongue fully drains potion bottles. (2x potion effects)
Your tongue gives you trouble enunciating. (1.5x scroll delay)


Message History

Qazlal accepts your kill.
The blast of rubble hits the shadow dragon!!
The shadow dragon is moderately wounded.
You block the ice dragon's attack. x2
The ice dragon tramples you but does no damage.
The shadow dragon bites you but does no damage.
The shadow dragon claws you but does no damage.
You block the shadow dragon's attack.
You slice the death knight!!
You kill the death knight!
Qazlal accepts your kill.
You slice the shadow dragon!!
You hit the ice dragon but do no damage.
You block the ice dragon's attack. x3; You block the shadow dragon's attack. x2
The shadow dragon claws you but does no damage.
You slice the ice dragon!!
The ice dragon is almost dead.
You hit the shadow dragon but do no damage.
The ice dragon breathes frost at you. The blast of cold hits you!! You resist.
You block the shadow dragon's attack.
The shadow dragon claws you but does no damage. x2
A vampire knight comes into view. It is wielding a +0 great sword.
The vampire knight shouts!
You block the ice dragon's attack. x3; The shadow dragon bites you.
You feel drained. The shadow dragon claws you.
You feel protected from physical attacks.
The shadow dragon claws you but does no damage.
The deep elf knight casts a spell at you.
The shard of ice hits you!! You partially resist.
Your resistance to physical damage fades away.
You feel protected from cold.
* * * LOW HITPOINT WARNING * * *
Things that are here:
a +1 heavy broad axe; a +0 chain mail; a human corpse
x - a +1 heavy broad axe You hear a roar!
You block the ice dragon's attack. x3
The shadow dragon breathes negative energy at you.
The bolt of negative energy hits you!!!
You feel drained.
You die...

###### ≈ ≈..). [. , ..e.
##†#####.#####
#..≈≈.#....§≈######++####
≈...≈)○)○..≈≈##.......≈..
#≈.V..☼≈≈.†≈.##.......≈..
#.≈.))#D@.§..''..#..≈.#..
#..([ #D.○.§≈†'...≈..≈... ####
#########...≈≈.≈≈..
###########..#≈≈.≈#..
.........''≈..≈......
.........''..........
###############..##≈.#....#..
##.#.#.#.#.#.#.#..##..........
#)#)#.#÷#)#÷#.##..##..........


You could see a shadow dragon (catching breath), an ice dragon, a vampire knight
and a deep elf knight.

Vanquished Creatures
  A titan (D)
  A storm dragon (D)
  2 nagarajas (D)
  An emperor scorpion (D)
  3 ghouls (D)
  2 orc warlords (D)
  A stone giant (D)
  2 vampire knights (D)
  A minotaur (D)
  A red draconian (D)
  A fire dragon (D)
  A yaktaur captain (D)
  Harold (D)
  A merfolk impaler (D)
  3 great orbs of eyes (D)
  A hydra (D)
  2 ogre magi (D)
  A death knight (D)
  A boulder beetle (D)
  A vault guard (D)
  A merfolk avatar (D)
  2 vampire magi (D)
  An alligator snapping turtle (D)
  4 naga warriors (D)
  2 demonic crawlers (D)
  4 two-headed ogres (D)
  An orc high priest (D)
  3 deep elf knights (D)
  5 hell knights (D)
  A fire crab (D)
  A shadow wraith (D)
  A skyshark (shapeshifter) (D)
  A deep troll (D)
  A spriggan druid (D)
  2 swamp dragons (D)
  Pikel (D)
  10 orc knights (D)
  A deep elf pyromancer (D)
  A phantasmal warrior (D)
  A wolf spider (D)
  A manticore (D)
  A cyclops (D)
  A guardian serpent (shapeshifter) (D)
  A black mamba (D)
  A smoke demon (D)
  An orange demon (D)
  An efreet (D)
  A wandering mushroom (D)
  2 red devils (D)
  4 yaktaurs (D)
  2 ice devils (D)
  2 trolls (D)
  4 merfolk (D)
  A polar bear (D)
  A tarantella (D)
  A snapping turtle (D)
  A wind drake (D)
  4 dream sheep (D)
  A glass eye (D)
  A jumping spider (D)
  2 air elementals (D)
  4 yaks (D)
  2 large abominations (D)
  A wyvern (D)
  A neqoxec (D)
  2 steam dragons (D)
  11 vampire mosquitoes (D)
  2 chaos spawn (D)
  7 redbacks (D)
  A warg (D)
  A water moccasin (D)
  2 orc warriors (D)
  A swamp drake (D)
  8 ogres (D)
  3 wolves (D)
  2 kobold brigands (D)
  A small abomination (D)
  A scorpion (D)
  4 necrophages (D)
  A gnoll sergeant (D)
  An earth elemental (D)
  5 wights (D)
  3 killer bees (D)
  2 orc priests (D)
  A gnoll bouda (D)
  An iron imp (D)
  2 orc wizards (D)
  An iguana (D)
  A hell rat (D)
  2 mummies (D)
  6 gnolls (D)
  An adder skeleton (D)
  4 orcs (D)
  2 ball pythons (D)
  A bat (D)
  A bat skeleton (D)
  An endoplasm (D)
  2 jackals (D)
  3 quokkas (D)
  A ball python simulacrum (D)
  A frilled lizard (D)
  A giant cockroach simulacrum (D)
204 creatures vanquished.

Vanquished Creatures (collateral kills)
  An efreet (D)
  A troll (D)
  2 vampire mosquitoes (D)
  A wolf (D)
  A white imp (D)
6 creatures vanquished.

Grand Total: 210 creatures vanquished

Notes
Turn   | Place    | Note
-------+----------+-------------------------------------------
     0 | D        | BigDaddyOpFi the Armataur Fighter began the quest for the
                  | Orb.
     0 | D        | Reached XP level 1. HP: 19/19 MP: 1/1
    22 | D        | Found a bloodstained altar of Trog.
    22 | D        | Found a shimmering blue altar of Sif Muna.
    22 | D        | Found a viscous altar of Jiyva.
    22 | D        | Found a hazy altar of Hepliaklqana.
    22 | D        | Found an opulent altar of Gozag.
    23 | D        | Found a glowing golden altar of the Shining One.
    23 | D        | Found a glowing silver altar of Zin.
    23 | D        | Found a basalt altar of Yredelemnul.
    23 | D        | Found a shimmering altar of Xom.
    23 | D        | Found an ornate altar of the Wu Jian Council.
    23 | D        | Found a sacrificial altar of Ru.
    23 | D        | Found a stormy altar of Qazlal.
    23 | D        | Found an iron altar of Okawaru.
    23 | D        | Found a sparkling altar of Nemelex Xobeh.
    23 | D        | Found a burning altar of Makhleb.
    23 | D        | Found a blossoming altar of Fedhas.
    23 | D        | Found a white marble altar of Elyvilon.
    23 | D        | Found a shadowy altar of Dithmenos.
    23 | D        | Found a snail-covered altar of Cheibriados.
    24 | D        | Found a radiant altar of Vehumet.
    24 | D        | Found a corrupted altar of Lugonu.
    25 | D        | Found an ancient bone altar of Kikubaaqudgha.
    25 | D        | Found a hide-covered altar of Uskayaw.
    25 | D        | Found a broken altar of Ashenzari.
    28 | D        | Became a worshipper of Qazlal Stormbringer
    56 | D        | Noticed a scorpion
    61 | D        | Killed a scorpion
    62 | D        | Reached skill level 5 in Armour
    62 | D        | Reached skill level 3 in Invocations
    62 | D        | Reached XP level 2. HP: 22/28 MP: 1/4
    62 | D        | Reached XP level 3. HP: 28/35 MP: 1/5
   178 | D        | Reached * piety under Qazlal
   179 | D        | Reached XP level 4. HP: 42/42 MP: 6/6
   187 | D        | Noticed a glass eye
   188 | D        | Noticed a kobold brigand
   191 | D        | Reached ** piety under Qazlal
   192 | D        | Reached skill level 4 in Invocations
   194 | D        | Killed a glass eye
   195 | D        | Reached skill level 5 in Fighting
   195 | D        | Reached skill level 6 in Invocations
   195 | D        | Reached XP level 5. HP: 51/51 MP: 6/10
   204 | D        | Reached skill level 7 in Invocations
   204 | D        | Reached XP level 6. HP: 49/60 MP: 7/11
   325 | D        | Noticed a water moccasin
   332 | D        | Reached *** piety under Qazlal
   333 | D        | Reached skill level 5 in Axes
   333 | D        | Reached skill level 8 in Invocations
   333 | D        | Killed a water moccasin
   334 | D        | Reached XP level 7. HP: 68/68 MP: 11/13
   342 | D        | Reached **** piety under Qazlal
   343 | D        | Reached skill level 9 in Invocations
   545 | D        | Noticed an ice devil
   562 | D        | Killed an ice devil
   857 | D        | Noticed Pikel
   868 | D        | Killed Pikel
   869 | D        | Reached skill level 10 in Invocations
   869 | D        | Reached XP level 8. HP: 41/79 MP: 14/16
  1084 | D        | Noticed an efreet
  1084 | D        | Noticed Harold
  1092 | D        | Killed Harold
  1092 | D        | Reached ***** piety under Qazlal
  1093 | D        | Reached skill level 10 in Armour
  1093 | D        | Reached skill level 11 in Invocations
  1093 | D        | Reached XP level 9. HP: 62/87 MP: 17/17
  1096 | D        | Killed an efreet
  1097 | D        | Reached skill level 12 in Invocations
  1612 | D        | Reached skill level 10 in Shields
  1839 | D        | Reached skill level 13 in Invocations
  1930 | D        | Noticed a black mamba
  1936 | D        | Killed a black mamba
  1938 | D        | Reached ****** piety under Qazlal
  1939 | D        | Reached XP level 10. HP: 94/97 MP: 18/20
  1992 | D        | Noticed a deep troll
  1995 | D        | Killed a deep troll
  2002 | D        | Reached skill level 14 in Invocations
  2136 | D        | Noticed a cyclops
  2141 | D        | Killed a cyclops
  2142 | D        | Reached skill level 10 in Fighting
  2245 | D        | Noticed a phantasmal warrior
  2245 | D        | Noticed a smoke demon
  2246 | D        | Killed a smoke demon
  2254 | D        | Killed a phantasmal warrior
  2256 | D        | Killed a shadow wraith
  2257 | D        | Reached skill level 15 in Invocations
  2438 | D        | Noticed a demonic crawler
  2440 | D        | Killed a demonic crawler
  2441 | D        | Reached XP level 11. HP: 108/108 MP: 13/22
  2711 | D        | Noticed a boulder beetle
  2711 | D        | Noticed a swamp dragon
  2715 | D        | Reached skill level 10 in Axes
  2719 | D        | Reached skill level 16 in Invocations
  2719 | D        | Killed a swamp dragon
  2719 | D        | Noticed a deep elf pyromancer
  2727 | D        | Killed a deep elf pyromancer
  2741 | D        | Killed a boulder beetle
  2954 | D        | Got the Tome of Unhallowed Magicks
  3021 | D        | Noticed an orc high priest
  3030 | D        | Killed an orc high priest
  3031 | D        | Reached skill level 17 in Invocations
  3035 | D        | Noticed an emperor scorpion
  3047 | D        | Killed an emperor scorpion
  3048 | D        | Reached skill level 15 in Armour
  3159 | D        | Noticed a vampire knight
  3170 | D        | Paralysed by something for 2 turns
  3176 | D        | Killed a vampire knight
  3367 | D        | Noticed a vampire mage
  3382 | D        | Killed a vampire mage
  3383 | D        | Reached XP level 12. HP: 73/120 MP: 24/24
  3519 | D        | Reached skill level 18 in Invocations
  3852 | D        | Noticed a storm dragon
  3852 | D        | Noticed a nagaraja
  3853 | D        | Killed a nagaraja
  3864 | D        | Killed a storm dragon
  4130 | D        | Noticed an orc warlord
  4130 | D        | Noticed an orc warlord
  4135 | D        | Killed an orc warlord
  4135 | D        | Killed an orc warlord
  4136 | D        | Reached skill level 15 in Shields
  4136 | D        | Reached skill level 19 in Invocations
  4139 | D        | Noticed a naga warrior
  4144 | D        | Noticed a red draconian
  4148 | D        | Noticed a yaktaur captain
  4149 | D        | Noticed a vault guard
  4150 | D        | Killed a yaktaur captain
  4150 | D        | Killed a vault guard
  4150 | D        | Killed a naga warrior
  4151 | D        | Reached skill level 20 in Invocations
  4151 | D        | Reached XP level 13. HP: 70/132 MP: 4/27
  4151 | D        | Killed a red draconian
  4153 | D        | Noticed a jiangshi
  4155 | D        | Noticed a jiangshi
  4157 | D        | Noticed a jiangshi
  4157 | D        | Noticed a fire dragon
  4183 | D        | Killed a fire dragon
  4251 | D        | Reached skill level 21 in Invocations
  4790 | D        | Noticed a nagaraja
  4794 | D        | Killed a nagaraja
  4795 | D        | Reached skill level 15 in Fighting
  4799 | D        | Noticed a vampire knight
  4802 | D        | Reached skill level 22 in Invocations
  4808 | D        | Reached XP level 14. HP: 125/144 MP: 6/29
  4823 | D        | Paralysed by something for 4 turns
  4830 | D        | HP: 2/144 [something (16)]
  4837 | D        | Killed a vampire knight
  5177 | D        | Noticed a stone giant
  5179 | D        | Killed a stone giant
  5184 | D        | Noticed a titan
  5185 | D        | Noticed a ghoul
  5186 | D        | Reached skill level 23 in Invocations
  5187 | D        | Noticed a ghoul
  5189 | D        | Killed a titan
  5189 | D        | Killed a ghoul
  5189 | D        | Killed a ghoul
  5190 | D        | Noticed a ghoul
  5197 | D        | Noticed a shadow dragon
  5203 | D        | Killed a ghoul
  5204 | D        | Reached skill level 15 in Axes
  5209 | D        | Noticed a vampire knight
  5210 | D        | Killed from afar by a shadow dragon

Illustrated notes

Levels and vault maps discovered:
D:        pitsprint [storerooms_1, entrance_room_1, metal_vault_6, armoury_1,
          mini_pit_1, grid_room_1, main_hall_1, silver_pit, the_coven_2,
          the_vestibule_1, steel_vault_3, golden_pit, hallway_of_sentries,
          crystal_vault_4, iron_vault_4, final_vault]

Skill      XL: |  1  2  3  4  5  6  7  8  9 10 11 12 13 14 |
---------------+-------------------------------------------+-----
Fighting       | 4 5 6 7 8 9 10 12 14 15 16 | 16.4
Axes           | 3 4 5 6 7 8 9 11 12 14 15 | 15.0
Armour         | 5 7 8 9 10 11 13 15 17 19 20 | 20.2
Shields        | 4 6 7 9 11 12 14 16 17 18 | 18.7
Invocations    | 3 6 7 8 10 11 13 15 17 20 22 23 | 23.7

Action                     |  1- 3 |  4- 6 |  7- 9 | 10-12 | 13-15 || total
---------------------------+-------+-------+-------+-------+-------++-------
  Melee: War axe           |    17 |    24 |    83 |   127 |    64 ||   315
         Tailslap          |     2 |     2 |    13 |    22 |    14 ||    53
         Broad axe         |       |       |       |       |     7 ||     7
 Invoke: Upheaval          |       |       |     1 |       |     1 ||     2
         Disaster Area     |       |       |       |    10 |    13 ||    23
         Elemental Force   |       |       |       |     1 |       ||     1
    Use: Potion            |       |     2 |     3 |     4 |     8 ||    17
         Scroll            |       |       |       |     4 |     1 ||     5
   Stab: Paralysed         |       |       |       |     2 |       ||     2
         Distracted        |       |       |       |     1 |       ||     1
 Armour: Scale mail        |    13 |    15 |       |       |       ||    28
         Chain mail        |       |    10 |    64 |    38 |       ||   112
         Plate armour      |       |       |       |   121 |    23 ||   144
         Gold dragon scale |       |       |       |       |    69 ||    69
  Dodge: Dodged            |     7 |     3 |    19 |    29 |     5 ||    63
         Repelled          |       |       |       |     2 |     2 ||     4
  Block: Buckler           |     5 |    10 |    38 |   126 |    26 ||   205
         Tower shield      |       |       |       |       |    73 ||    73

Table legend: (Time is in decaauts)
 A = Elapsed time spent in this place.
 B = Non-inter-level travel time spent in this place.
 C = Inter-level travel time spent in this place.
 D = Time resting spent in this place.
 E = Time spent auto-exploring this place.
 F = Levels seen in this place.
 G = Mean time per level.
                   A        B        C        D        E       F      G
               +--------+--------+--------+--------+--------+-----+--------+
         Total |   5270 |   5154 |    116 |   3593 |    148 |   1 | 5270.0 |
       Dungeon |   5270 |   5154 |    116 |   3593 |    148 |   1 | 5270.0 |
               +--------+--------+--------+--------+--------+-----+--------+

Top non-repeatable levels by time:
       D: 5270 daAuts
